 Dungeon Crawl Stone Soup version 0.19.0 (webtiles) character file.

204869 Jraekied the End of an Era (level 18, -4/136 HPs)
             Began as a Demonspawn Gladiator on Nov 20, 2016.
             Was the Champion of Qazlal.
             Slain by a spark wasp (20 damage)
             ... on level 4 of the Spider Nest on Nov 21, 2016.
             The game lasted 02:26:17 (39830 turns).

Jraekied the End of an Era (Demonspawn Gladiator)  Turns: 39830, Time: 02:26:18

Health: -4/136     AC: 21    Str: 20 (21) XL:     18   Next: 2%
Magic:  27/27      EV: 11    Int: 10      God:    Qazlal [******]
Gold:   2867       SH: 10    Dex: 24      Spells: 1 memorised, 14 levels left

rFire  + . .     SeeInvis +     a - +8 great mace "Eclocom" {flame, MR+ Dex+2}
rCold  . . .     Gourm    .     m - +3 chain mail {rF+}
rNeg   + . .     Faith    .     (shield currently unavailable)
rPois  +         Spirit   .     (helmet unavailable)
rElec  +         Reflect  +     d - +2 cloak
rCorr  .         Harm     .     x - +2 pair of gloves
MR     ++...                    (no boots)
Stlth  +.........               W - +2 amulet of reflection
                                c - +1 ring of evasion
                                I - +3 ring of protection

@: protected from electricity, repel missiles
A: antennae 3, fangs 1, hooves 1, thin skeletal structure 3, camouflage 1,
deformed body, low mp 1, negative energy resistance 1, sense surroundings 1,
poison resistance, powered by pain 2, spiny 2, 50% torment resistance, black
mark, subdued magic 2
a: Upheaval, Elemental Force, Disaster Area, Renounce Religion
}: 1/15 runes: decaying


You were on level 4 of the Spider Nest.
You worshipped Qazlal.
Qazlal was exalted by your worship.
You were not hungry.

You visited 6 branches of the dungeon, and saw 32 of its levels.
You also visited: Sewer and Ice Cave.

You collected 3302 gold pieces.
You spent 435 gold pieces at shops.

Inventory:

Hand Weapons
 a - the +8 great mace "Eclocom" (weapon) {flame, MR+ Dex+2}
   (You found it in an ice cave)

   It has been specially enchanted to burn those struck by it, causing extra
   injury to most foes and up to half again as much damage against particularly
   susceptible opponents.
   It affects your dexterity (+2).
   It affects your resistance to hostile enchantments.
 b - a +0 blowgun
 g - a +1 battleaxe of flaming
Missiles
 n - 765 stones (quivered)
 r - 6 poisoned tomahawks
 u - a throwing net
 y - 129 poisoned needles
 z - 3 curare-tipped needles
 B - 3 poisoned javelins
 G - 5 tomahawks
Armour
 d - a +2 cloak (worn)
 m - a +3 chain mail of fire resistance (worn)
 x - a +2 pair of gloves (worn)
Jewellery
 c - a +1 ring of evasion (right hand)
 o - a +3 ring of strength {unknown}
 s - an uncursed ring of protection from cold
 I - a +3 ring of protection (left hand)
 U - a +4 amulet of reflection
 W - a +2 amulet of reflection (around neck)
Wands
 k - a wand of hasting (4/9)
 D - a wand of acid (4/15)
 F - a wand of iceblast (9/15)
 Y - a wand of lightning (4/15)
Scrolls
 e - a scroll of fear
 h - 6 scrolls of teleportation
 i - 19 scrolls of remove curse
 w - a scroll of fog
 A - 2 scrolls of recharging
 K - 4 scrolls of enchant weapon
 N - 2 scrolls of amnesia
 Q - a scroll of magic mapping
 S - 2 scrolls of blinking
 Z - 5 scrolls of identify
Potions
 j - 4 potions of invisibility
 p - a potion of might
 C - a potion of haste
 E - 9 potions of curing
 H - 9 potions of flight
 L - 2 potions of cure mutation
 O - 5 potions of magic
 P - 2 potions of resistance
 R - 2 potions of ambrosia
 T - a potion of berserk rage
 V - 5 potions of cancellation
Books
 t - the Reference Book on Supportive Enhancements
   (You found it on level 3 of the Spider Nest)

   Spells                             Type                      Level
   a - Summon Small Mammal            Summoning                    1
   b - Song of Slaying                Charms                       2
   c - Spectral Weapon                Hexes/Charms                 3
   d - Call Canine Familiar           Summoning                    3
   e - Excruciating Wounds            Charms/Necromancy            5
   f - Deflect Missiles               Charms/Air                   6
Miscellaneous
 l - a phial of floods
 q - a fan of gales
Comestibles
 f - 4 bread rations
 v - 5 slices of pizza
 J - a meat ration
 M - a royal jelly
 X - a chunk of flesh


   Skills:
 - Level 10.7 Fighting
 - Level 9.1(14.3) Axes
 - Level 17.4(18.1) Maces & Flails
 + Level 10.3 Throwing
 - Level 11.2 Armour
 - Level 2.6 Dodging
   Level 6.0 Shields
 - Level 18.0 Invocations
 - Level 4.1 Evocations


You had 14 spell levels left.
You knew the following spells:

 Your Spells              Type           Power        Failure   Level  Hunger
a - Spectral Weapon       Hex/Chrm       #.......     100%        3    ####...


Dungeon Overview and Level Annotations

Branches:
Dungeon (15/15)            Temple (1/1) D:6            Lair (6/6) D:11
  Swamp (4/4) Lair:4       Spider (4/4) Lair:4          Orc (2/2) D:12
    Elf (0/3) Orc:2        Vaults (0/5) D:13         Depths (0/5) D:15
  Slime: Lair:5-6

Altars:
Ashenzari
Cheibriados
Dithmenos
Elyvilon
Fedhas
Gozag
Hepliaklqana
Kikubaaqudgha
Makhleb
Nemelex Xobeh
Okawaru
Qazlal
Ru
Sif Muna
Trog
Uskayaw
Vehumet
Xom
Yredelemnul
Zin
The Shining One
Beogh

Shops:
D:5 }   Orc:2 ([(*

Annotations:
D:10 Ultraviolent4's ghost, novice DDGl
Lair:6 exclusion: oklob plant


Innate Abilities, Weirdness & Mutations

You have a pair of large antennae on your head. (SInv)
You have an unnaturally thin skeletal structure. (Dex +6, Stealth++)
You resist negative energy. (rN+)
You sometimes gain power by taking damage.
You are mostly covered in sharp spines.
You are somewhat able to resist unholy torments (1 in 2 success).
Your melee attacks may debilitate your foes.
You have very sharp teeth.
You have large cloven feet.
Your skin changes colour to match your surroundings (Stealth+).
Armour fits poorly on your strangely shaped body.
Your magical capacity is low. (-10% MP)
You passively map a small area around you.
Your system is resistant to poisons. (rPois)
Your spells are easier to cast, but less powerful.


Message History

The spark wasp stings you!
* * * LOW HITPOINT WARNING * * *
The spark wasp shocks you!
You feel protected from electricity.
* * * LOW HITPOINT WARNING * * *
You sock the spark wasp! You burn the spark wasp.
You kick the spark wasp, but do no damage.
The spark wasp is severely wounded.
The spark wasp is struck by your spines.
The spark wasp barely misses you.
Unknown command.
Evoke which item? (* to show all) (? for menu, Esc to quit)
Zapping:
Y - a wand of lightning (will waste charges)
Press: ? - help, Shift-Dir - straight line, f/p - spark wasp
Aim: a spark wasp (sparse dust, almost dead, poisoned)
You hear a mighty clap of thunder!
The bolt of lightning misses the spark wasp.
Evoking this partially-identified wand wasted a few charges.
The spark wasp stings you!!
You die...

,**,,.,** #^..(.......#.........
,**,,...** #.....^..##...........
,***,.(.†###.............#.......
,***,....(.'.†..^†.^...<..^^.....
,**≈,.(≈.(('†††.†...†#...........
,**≈,.##.(^(.(.#†^......#.####..^
+**,,≈*#≈###..§.§†§^.........#...
,***,,≈≈** #.^.†..§..#.........#.
,* *,..,** #(.^§@y...#...........
*****,≈,≈**##.§.§.....^###...<...
*,,***≈,≈* #..§§§...........^...
**,,,***,,**#^...(..........^#...
≈*≈,****≈,≈*##....^..........#...
≈≈≈** *,,≈** #.................^.
,≈≈* **,,,* #...................
,,≈***,,≈** #.................^.
,,,≈**,≈,* #...................


You could see a spark wasp.

Vanquished Creatures
  Bai Suzhen (Spider:3)
  Saint Roka (Orc:2)
  Nikola (Swamp:4)
  Arachne (Spider:3)
  Agnes (Spider:2)
  6 thorn hunters
  Gastronok (D:11)
  A frost giant (IceCv)
  A ghost moth (Spider:4)
  Aizul (Swamp:4)
  The ghost of Ark the Severer, a journeyman MiWn of Uskayaw (Orc:2)
  An emperor scorpion (Spider:4)
  An entropy weaver (Spider:2)
  A spark wasp (Spider:4)
  Snorg (D:14)
  The ghost of Ultraviolent4 the Cleaver, a journeyman DDGl of Makhleb (D:12)
  Josephine (D:14)
  27 hydras
  5 ghost crabs
  A catoblepas (D:14)
  Erica (Lair:1)
  4 alligators
  A centaur warrior (D:13)
  5 death yaks
  A vampire mage (D:15)
  2 tengu warriors (D:13)
  2 orc high priests (Orc:2)
  Urug (D:12)
  Nergalle (Lair:1)
  The ghost of moogleknight the Slasher, a novice DsGl of Makhleb (D:7)
  2 skeletal warriors (D:15)
  A deep troll (D:13)
  3 shambling mangroves
  5 unseen horrors
  7 swamp dragons
  A phantasmal warrior (D:13)
  3 spriggan druids
  5 hill giants
  Pikel (D:6)
  25 wolf spiders
  3 deep elf magi
  6 orc knights
  10 orb spiders
  A necromancer (D:15)
  2 stone giant zombies (D:15)
  17 ugly things
  6 orc sorcerers
  3 cyclopes
  An elephant (shapeshifter) (D:15)
  A fire giant skeleton (D:15)
  A moth of wrath (Spider:2)
  2 black mambas
  2 centaur zombies
  2 ice statues (IceCv)
  A torpor snail (Spider:2)
  4 gargoyles
  16 spiny frogs
  An efreet (D:15)
  2 kobold demonologists
  3 komodo dragons
  2 centaur skeletons (D:13)
  13 demonic crawlers
  A yaktaur (D:14)
  7 trolls
  17 hornets
  17 polar bears
  3 meliai (D:14)
  34 jumping spiders
  3 tyrant leeches
  13 blink frogs
  4 two-headed ogres
  14 slime creatures
  Grinder (D:5)
  12 bog bodies
  9 hippogriffs
  A spriggan zombie (D:15)
  Sigmund (D:5)
  4 shadows
  25 tarantellas
  52 redbacks
  6 wraiths
  14 spriggans
  4 wyverns
  A water elemental (D:12)
  4 vampires
  40 yaks
  A basilisk (shapeshifter) (D:13)
  A steam dragon (D:8)
  5 basilisks
  3 hungry ghosts
  9 vampire mosquitoes
  24 swamp worms
  Edmund (D:5)
  3 wargs
  9 water moccasins
  19 insubstantial wisps
  9 porcupines
  19 swamp drakes
  4 phantoms
  5 sky beasts
  Purgy (Sewer)
  A slave (D:6)
  5 black bears
  39 orc warriors
  8 ice beasts
  10 ogres
  2 necrophages
  25 wolves
  5 centaurs
  4 boggarts (Lair:6)
  11 crocodiles
  4 big kobolds
  19 bullfrogs
  A gnoll sergeant (Orc:1)
  A wyvern zombie (D:15)
  A wyvern skeleton (D:12)
  4 scorpions
  9 killer bees
  3 wights (D:13)
  4 electric eels
  9 howler monkeys
  7 crimson imps
  2 bullfrog zombies
  6 hounds
  A quasit (D:13)
  5 bullfrog skeletons
  5 jellies
  25 orc priests
  22 orc wizards
  Jessica (D:2)
  Terence (D:2)
  2 iguanas
  8 worker ants
  Ijyb (D:2)
  Natasha (thrice) (D:2)
  2 hound zombies
  A worker ant zombie (D:7)
  15 adders
  6 gnolls
  2 river rats
  3 shadow imps
  2 oozes (D:2)
  An adder skeleton (D:9)
  6 worms
  5 dart slugs
  6 leopard geckos
  90 orcs
  3 ball pythons
  7 bats
  8 giant cockroaches
  10 hobgoblins
  17 jackals
  25 kobolds
  3 quokkas
  7 frilled lizards
  13 goblins
  A jackal skeleton (D:5)
  A quokka zombie (D:8)
  5 rats
  4 briar patches (Swamp:4)
  26 fungi
  8 plants
  A withered plant (D:15)
1158 creatures vanquished.

Vanquished Creatures (collateral kills)
  A tentacled monstrosity (Swamp:2)
  2 hydras (Lair:1)
  A death yak (Lair:5)
  A hill giant (D:10)
  2 ugly things (D:15)
  A spiny frog (Lair:1)
  2 wraiths (D:14)
  A tarantella (Spider:1)
  A phantom (D:14)
  3 bullfrogs
  An orc priest (D:10)
  An orc (D:10)
17 creatures vanquished.

Vanquished Creatures (others)
  A redback (Spider:2)
  2 spriggans
  An insubstantial wisp (Swamp:2)
  9 briar patches (Swamp:4)
  2 fungi
  5 plants
  A withered plant (D:15)
21 creatures vanquished.

Grand Total: 1196 creatures vanquished

Notes
Turn   | Place    | Note
-------+----------+-------------------------------------------
     0 | D:1      | Jraekied the Demonspawn Gladiator began the quest for the Orb.
     0 | D:1      | Reached XP level 1. HP: 16/16 MP: 1/1
   305 | D:1      | Gained mutation: You are partially covered in sharp spines. [demonic ancestry]
   305 | D:1      | Reached XP level 2. HP: 8/22 MP: 2/2
  1049 | D:2      | Noticed Terence
  1057 | D:2      | HP: 1/22 [adder (4)]
  1063 | D:1      | Gained mutation: You have a pair of small antennae on your head. [demonic ancestry]
  1063 | D:1      | Reached XP level 3. HP: 2/27 MP: 3/3
  1478 | D:2      | Killed Terence
  1506 | D:2      | Reached XP level 4. HP: 27/33 MP: 4/4
  1652 | D:2      | Noticed Jessica
  1671 | D:2      | Killed Jessica
  1671 | D:2      | Reached skill level 5 in Axes
  2035 | D:2      | Gained mutation: You are mostly covered in sharp spines. [demonic ancestry]
  2035 | D:2      | Reached XP level 5. HP: 27/38 MP: 5/5
  2255 | D:2      | Noticed Ijyb
  2266 | D:2      | Killed Ijyb
  2427 | D:2      | Noticed Natasha
  2434 | D:2      | Killed Natasha
  2895 | D:3      | Gained mutation: You have a pair of antennae on your head. [demonic ancestry]
  2895 | D:3      | Reached XP level 6. HP: 37/44 MP: 6/6
  3076 | D:3      | Found a glowing drain.
  3085 | Sewer    | Entered a sewer
  3169 | Sewer    | Noticed Purgy
  3183 | Sewer    | Killed Purgy
  3704 | D:4      | Gained mutation: You have a pair of large antennae on your head. (SInv) [demonic ancestry]
  3704 | D:4      | Reached XP level 7. HP: 43/50 MP: 5/7
  4321 | D:5      | Entered Level 5 of the Dungeon
  4321 | D:5      | Noticed Sigmund
  4355 | D:6      | Found a staircase to the Ecumenical Temple.
  4408 | Temple   | Entered the Ecumenical Temple
  4549 | Temple   | Became a worshipper of Qazlal Stormbringer
  4575 | D:6      | Reached skill level 1 in Shields
  4575 | D:6      | Reached skill level 1 in Invocations
  4617 | D:6      | Reached skill level 2 in Invocations
  4841 | D:6      | Noticed Pikel
  4860 | D:6      | Killed Pikel
  4860 | D:6      | Reached skill level 4 in Invocations
  4860 | D:6      | Gained mutation: You have a somewhat thin skeletal structure. (Dex +2, Stealth) [demonic ancestry]
  4860 | D:6      | Reached XP level 8. HP: 48/60 MP: 7/11
  5134 | D:7      | Reached skill level 5 in Invocations
  5226 | D:7      | Noticed a hippogriff
  5234 | D:7      | Noticed moogleknight's ghost (novice DsGl)
  5329 | D:7      | Killed a hippogriff
  5329 | D:7      | Reached skill level 5 in Fighting
  5329 | D:7      | Reached skill level 6 in Invocations
  5363 | D:7      | Killed moogleknight's ghost
  5363 | D:7      | Reached skill level 7 in Invocations
  5363 | D:7      | Reached XP level 9. HP: 17/69 MP: 4/14
  5481 | D:7      | Reached skill level 5 in Shields
  5485 | D:7      | Reached * piety under Qazlal
  5629 | D:7      | Reached skill level 8 in Invocations
  5698 | D:5      | Noticed Grinder
  5726 | D:5      | Killed Sigmund
  5729 | D:5      | Paralysed by Grinder for 6 turns
  5731 | D:5      | Killed Grinder
  5910 | D:5      | Found Qoguis's Gadget Shoppe.
  5960 | D:5      | Noticed Edmund
  5978 | D:5      | Killed Edmund
  6063 | D:2      | Noticed Natasha
  6069 | D:2      | Killed Natasha
  6182 | D:2      | Noticed Natasha
  6186 | D:2      | Killed Natasha
  6328 | D:5      | Reached skill level 9 in Invocations
  6628 | D:5      | Found a snail-covered altar of Cheibriados.
  6964 | D:7      | Reached ** piety under Qazlal
  6965 | D:7      | Found a white marble altar of Elyvilon.
  6985 | D:7      | Gained mutation: You have a moderately thin skeletal structure. (Dex +4, Stealth+) [demonic ancestry]
  6985 | D:7      | Reached XP level 10. HP: 79/79 MP: 17/17
  7513 | D:8      | Reached skill level 10 in Invocations
  7605 | D:8      | Gained mutation: Your spells are a little easier to cast, but a little less powerful. [mutagenic meat]
  7606 | D:8      | Gained mutation: Your system is resistant to poisons. (rPois) [mutagenic meat]
  7608 | D:8      | Gained mutation: Your magical capacity is low. (-10% MP) [mutagenic meat]
  7609 | D:8      | Gained mutation: Your spells are easier to cast, but less powerful. [mutagenic meat]
  7640 | D:8      | Paralysed by a hornet for 2 turns
  7936 | D:8      | Got an ichor-stained scythe
  7947 | D:8      | Identified the +6 scythe "Fugeept" {freeze, *Rage +Inv Dex+2} (You found it on level 8 of the Dungeon)
  8039 | D:8      | Found a radiant altar of Vehumet.
  8431 | D:9      | Reached *** piety under Qazlal
  8464 | D:9      | Reached skill level 11 in Invocations
  8993 | D:10     | Entered Level 10 of the Dungeon
  9017 | D:10     | Gained mutation: You passively map a small area around you. [mutagenic meat]
  9018 | D:10     | Gained mutation: Your muscles are strong. (Str +2) [mutagenic meat]
  9019 | D:10     | Gained mutation: Scrolls take you a little longer to read. [mutagenic meat]
  9020 | D:10     | Gained mutation: You have large cloven feet. [mutagenic meat]
  9053 | D:10     | Noticed a hill giant
  9069 | D:10     | Killed a hill giant
  9291 | D:10     | Noticed a hill giant
  9417 | D:10     | Reached skill level 12 in Invocations
  9431 | D:10     | Gained mutation: You have an unnaturally thin skeletal structure. (Dex +6, Stealth++) [demonic ancestry]
  9431 | D:10     | Reached XP level 11. HP: 62/86 MP: 12/18
  9591 | D:10     | Got a pitted mace
  9592 | D:10     | Identified the +9 mace "Spiderbane" {drain, Int+3 Dex+2 SInv} (You found it on level 10 of the Dungeon)
  9679 | D:10     | Killed a hill giant
  9679 | D:10     | Reached skill level 1 in Maces & Flails
  9895 | D:10     | Noticed Ultraviolent4's ghost (novice DDGl)
  9923 | D:11     | Noticed Gastronok
  9942 | D:11     | Killed Gastronok
 10085 | D:11     | Noticed an unseen horror
 10088 | D:11     | Killed an unseen horror
 10088 | D:11     | Reached skill level 13 in Invocations
 10100 | D:11     | Lost mutation: Scrolls take you a little longer to read. [mutagenic meat]
 10102 | D:11     | Gained mutation: Your skin changes colour to match your surroundings (Stealth+). [mutagenic meat]
 10103 | D:11     | Lost mutation: Your muscles are strong. (Str +2) [mutagenic meat]
 10123 | D:11     | Noticed a hill giant
 10135 | D:11     | Killed a hill giant
 10227 | D:11     | Found an opulent altar of Gozag.
 10367 | D:11     | Reached skill level 5 in Maces & Flails
 10391 | D:11     | Found a staircase to the Lair.
 10403 | D:11     | Got a pitted shield
 10414 | D:11     | Identified the -3 shield of Woozelu {rElec rF+++ MP-9 Int-2} (You found it on level 11 of the Dungeon)
 10713 | Lair:1   | Entered Level 1 of the Lair of Beasts
 10713 | Lair:1   | Noticed a seven-headed hydra
 10719 | Lair:1   | Killed a seven-headed hydra
 10805 | Lair:1   | Noticed Nergalle
 10832 | Lair:1   | Killed Nergalle
 10838 | Lair:1   | Reached **** piety under Qazlal
 10839 | Lair:1   | Noticed a five-headed hydra
 10844 | Lair:1   | Killed a five-headed hydra
 10856 | Lair:1   | Noticed Erica
 11085 | Lair:1   | Killed Erica
 11085 | Lair:1   | Reached skill level 14 in Invocations
 11085 | Lair:1   | Gained mutation: You sometimes gain a little power by taking damage. [demonic ancestry]
 11085 | Lair:1   | Reached XP level 12. HP: 87/94 MP: 20/20
 11399 | Lair:1   | Noticed an eight-headed hydra
 11444 | Lair:1   | Killed an eight-headed hydra
 11706 | Lair:1   | Reached skill level 5 in Armour
 12248 | Lair:2   | Noticed a five-headed hydra
 12252 | Lair:2   | Killed a five-headed hydra
 12586 | Lair:1   | Noticed a six-headed hydra
 12594 | Lair:1   | Killed a six-headed hydra
 13669 | Lair:4   | Reached skill level 15 in Invocations
 14118 | Lair:4   | Found a staircase to the Swamp.
 14284 | Lair:4   | Found a hole to the Spider Nest.
 14763 | Lair:5   | Noticed a death yak
 14768 | Lair:5   | Noticed a death yak
 14769 | Lair:5   | Noticed a death yak
 14773 | Lair:5   | Killed a death yak
 14778 | Lair:5   | Killed a death yak
 14779 | Lair:5   | Killed a death yak
 14779 | Lair:5   | Gained mutation: You sometimes gain power by taking damage. [demonic ancestry]
 14779 | Lair:5   | Reached XP level 13. HP: 36/99 MP: 13/22
 15282 | Lair:6   | Entered Level 6 of the Lair of Beasts
 15338 | Lair:6   | Found a frozen archway.
 15373 | Lair:6   | Reached skill level 16 in Invocations
 15389 | Lair:6   | Reached skill level 10 in Armour
 15538 | IceCv    | Entered an ice cave
 16242 | IceCv    | Noticed a frost giant
 17035 | IceCv    | Killed a frost giant
 17194 | IceCv    | Got a pitted great mace
 17216 | IceCv    | Identified the +8 great mace "Eclocom" {flame, MR+ Dex+2} (You found it in an ice cave)
 18013 | Lair:6   | Reached ***** piety under Qazlal
 18505 | Lair:6   | Reached skill level 17 in Invocations
 18509 | Lair:6   | Reached XP level 14. HP: 61/108 MP: 20/23
 18881 | D:12     | Noticed Urug
 18900 | D:12     | Killed Urug
 18933 | D:12     | Found a staircase to the Orcish Mines.
 18954 | D:12     | Noticed Ultraviolent4's ghost (journeyman DDGl)
 19640 | D:12     | Killed Ultraviolent4's ghost
 19689 | D:12     | Got a colourful robe
 20112 | Orc:1    | Entered Level 1 of the Orcish Mines
 20559 | Orc:1    | Found a roughly hewn altar of Beogh.
 20666 | Orc:2    | Entered Level 2 of the Orcish Mines
 20925 | Orc:2    | Noticed Ark's ghost (journeyman MiWn)
 21465 | Orc:2    | Killed Ark's ghost
 21465 | Orc:2    | Reached skill level 10 in Fighting
 21507 | Orc:2    | Reached ****** piety under Qazlal
 21515 | Orc:2    | Found a roughly hewn altar of Beogh.
 21549 | Orc:2    | Found a staircase to the Elven Halls.
 21679 | Orc:2    | Noticed Saint Roka
 22056 | Orc:2    | Killed Saint Roka
 22056 | Orc:2    | Reached skill level 10 in Maces & Flails
 22431 | Orc:2    | Found a roughly hewn altar of Beogh.
 22522 | Orc:2    | Found a roughly hewn altar of Beogh.
 22534 | Orc:2    | Found Zearpheikh's General Store.
 22561 | Orc:2    | Found a roughly hewn altar of Beogh.
 22600 | Orc:2    | Found a roughly hewn altar of Beogh.
 22692 | Orc:2    | Gained mutation: Armour fits poorly on your strangely shaped body. [a neqoxec]
 22810 | Orc:2    | Found Serut's Antique Weapon Shoppe.
 22953 | Orc:2    | Found Idufaadd's Antique Weapon Shop.
 22955 | Orc:2    | Found a roughly hewn altar of Beogh.
 22982 | Orc:2    | Found Eqybre's Antique Armour Boutique.
 22991 | Orc:2    | Bought a translucent triple sword for 435 gold pieces
 22997 | Orc:2    | Identified the +10 triple sword of the Rat {protect, *Slow rElec rC++} (You bought it in a shop on level 2 of the Orcish Mines)
 23350 | D:13     | Gained mutation: You resist negative energy. (rN+) [demonic ancestry]
 23350 | D:13     | Reached XP level 15. HP: 100/117 MP: 24/24
 23773 | D:13     | Found a gate to the Vaults.
 23993 | D:14     | Noticed Josephine
 24003 | D:14     | Killed Josephine
 24469 | D:14     | Gained mutation: You have very sharp teeth. [potion of beneficial mutation]
 24511 | D:14     | Noticed Snorg
 24515 | D:14     | Killed Snorg
 24869 | D:15     | Entered Level 15 of the Dungeon
 24904 | D:15     | Found a blossoming altar of Fedhas.
 25015 | D:15     | Found a staircase to the Depths.
 26017 | D:15     | Found a stormy altar of Qazlal.
 26470 | Swamp:1  | Entered Level 1 of the Swamp
 27768 | Swamp:2  | Gained mutation: You are somewhat able to resist unholy torments (1 in 2 success). [demonic ancestry]
 27768 | Swamp:2  | Reached XP level 16. HP: 103/124 MP: 21/25
 27775 | Swamp:2  | Reached skill level 15 in Maces & Flails
 27941 | Swamp:2  | Noticed a tentacled monstrosity
 27950 | Swamp:2  | Killed a tentacled monstrosity
 28011 | Swamp:2  | Noticed a thorn hunter
 28556 | Swamp:2  | Killed a thorn hunter
 29292 | Swamp:3  | Noticed a thorn hunter
 29296 | Swamp:3  | Killed a thorn hunter
 29814 | Swamp:3  | Identified the cursed +1 robe of Hysteria {rN+} (You found it on level 12 of the Dungeon)
 29934 | Swamp:3  | Got a pair of encrusted gloves
 29945 | Swamp:3  | Identified the cursed -1 pair of gloves of Jiqeic {rF+} (You found it on level 3 of the Swamp)
 30551 | Swamp:4  | Entered Level 4 of the Swamp
 30698 | Swamp:4  | Noticed Aizul
 30707 | Swamp:4  | Killed Aizul
 30707 | Swamp:4  | Reached skill level 1 in Evocations
 31027 | Swamp:4  | Noticed Nikola
 31441 | Swamp:4  | Noticed a thorn hunter
 31454 | Swamp:4  | Killed a thorn hunter
 31649 | Swamp:4  | Killed Nikola
 31890 | Swamp:4  | Noticed a thorn hunter
 31912 | Swamp:4  | Killed a thorn hunter
 32252 | Swamp:4  | Noticed a thorn hunter
 32274 | Swamp:4  | Killed a thorn hunter
 32884 | Swamp:4  | Gained mutation: Your melee attacks may debilitate your foes. [demonic ancestry]
 32884 | Swamp:4  | Reached XP level 17. HP: 94/129 MP: 26/26
 33204 | Swamp:4  | Got a decaying rune of Zot
 34027 | Spider:1 | Entered Level 1 of the Spider Nest
 34071 | Lair:4   | Reached skill level 18 in Invocations
 35904 | Spider:2 | Reached skill level 5 in Throwing
 35966 | Spider:2 | Noticed Agnes
 35972 | Spider:2 | Killed Agnes
 36768 | Spider:3 | Identified the Reference Book on Supportive Enhancements
 36774 | Spider:3 | Learned a level 3 spell: Spectral Weapon
 37552 | Spider:3 | Identified a scroll of acquirement
 38075 | Spider:4 | Entered Level 4 of the Spider Nest
 38083 | Spider:4 | Noticed Arachne
 38083 | Spider:4 | Noticed Bai Suzhen
 38402 | Spider:3 | Killed Bai Suzhen
 38804 | Spider:3 | Killed Arachne
 39638 | Spider:4 | Reached skill level 10 in Throwing
 39733 | Spider:4 | Reached XP level 18. HP: 51/136 MP: 19/27
 39830 | Spider:4 | Slain by a spark wasp

Skill      XL: |  1  2  3  4  5  6  7  8  9 10 11 12 13 14 15 16 17 |
---------------+----------------------------------------------------+-----
Axes           | 3 4 5 6 7 8 9 |  9.1
Shields        | 3 4 6 |  6.0
Invocations    | 4 7 9 12 14 15 17 18 | 18.0
Fighting       | 3 5 7 8 9 10 | 10.7
Maces & Flails | 5 7 11 14 17 | 17.4
Armour         | 4 9 11 | 11.2
Evocations     | 4 |  4.1
Throwing       | 10 | 10.3
Dodging        | |  2.6

Action                   |  1- 3 |  4- 6 |  7- 9 | 10-12 | 13-15 | 16-18 || total
-------------------------+-------+-------+-------+-------+-------+-------++-------
Melee: War axe           |    78 |   167 |   233 |   229 |       |       ||   707
       Kick              |       |       |       |   182 |   439 |   308 ||   929
       Mace              |       |       |       |   306 |   227 |       ||   533
       Great mace        |       |       |       |       |   764 |   692 ||  1456
       Bite              |       |       |       |       |    40 |   123 ||   163
 Fire: Hunting sling     |       |    18 |    51 |       |       |       ||    69
       Blowgun           |       |       |       |       |       |    32 ||    32
Throw: Stone             |       |    36 |     3 |     3 |    82 |   178 ||   302
       Throwing net      |       |     2 |       |     3 |       |       ||     5
       Tomahawk          |       |       |       |    30 |    59 |    34 ||   123
       Javelin           |       |       |       |       |    13 |       ||    13
Invok: Upheaval          |       |       |       |     7 |    14 |     9 ||    30
       Elemental Force   |       |       |       |     4 |     2 |     1 ||     7
       Disaster Area     |       |       |       |       |     1 |       ||     1
Evoke: Wand              |       |     1 |     4 |     6 |     2 |     5 ||    18
       Phantom mirror    |       |       |       |       |     2 |       ||     2
       Fan of gales      |       |       |       |       |       |     2 ||     2
       Phial of floods   |       |       |       |       |       |     1 ||     1
  Use: Potion            |     2 |     1 |     2 |     2 |    11 |     7 ||    25
       Scroll            |       |     9 |     3 |    14 |    19 |    16 ||    61
 Stab: Distracted        |       |       |       |     1 |     1 |       ||     2
  Eat: Royal jelly       |     1 |       |       |       |       |       ||     1
       Chunk             |       |     7 |     5 |    29 |    17 |     6 ||    64
       Beef jerky        |       |       |     1 |       |       |       ||     1
       Bread ration      |       |       |     1 |     2 |     2 |     4 ||     9
       Meat ration       |       |       |       |     1 |     4 |     3 ||     8
       Pizza             |       |       |       |     1 |       |       ||     1
Armor: Leather armour    |    34 |       |       |       |       |       ||    34
       Ring mail         |    18 |    61 |    72 |   122 |       |       ||   273
       Skin              |       |     2 |       |       |       |       ||     2
       Chain mail        |       |       |       |       |   537 |   490 ||  1027
       Plate armour      |       |       |       |       |     4 |       ||     4
Dodge: Dodged            |    73 |    84 |   143 |   201 |   409 |   376 ||  1286
       Deflected         |       |       |       |       |    12 |    18 ||    30
Block: Buckler           |       |       |    60 |   280 |   173 |       ||   513
       Other             |       |       |       |     2 |   359 |   415 ||   776
       Reflection        |       |       |       |       |    19 |    11 ||    30
